[ AOE2 MATCH · #463578525 ]
Team RMArmenians vs Mongols
[ REPLAY ANALYSIS · EXTRACTED FROM THE RECORDED GAME ]
Feudal
13:40
Castle
17:09
Imperial
38:28
| APM avg | 44.7 |
| APM peak | 109 |
| eAPM avg | 26.5 |
| Villagers / military | 121 / 205 |
Focus
⚔️ 45.4% · 🌾 54.6%
Militia ×189 · Battering Ram ×13 · Trebuchet (Packed) ×3
Feudal
—
Castle
—
Imperial
—
| APM avg | 27.5 |
| APM peak | 66 |
| eAPM avg | 23.2 |
| Villagers / military | 259 / 275 |
Focus
⚔️ 22.6% · 🌾 77.4%
Fire Lancer ×148 · Spearman ×90 · Rattan Archer ×35 · Monk ×2
Feudal
—
Castle
—
Imperial
—
| APM avg | 37.9 |
| APM peak | 95 |
| eAPM avg | 18.1 |
| Villagers / military | 152 / 54 |
Focus
⚔️ 25.5% · 🌾 74.5%
Mangudai ×33 · Archer ×14 · Monk ×2 · Mangonel ×2 · Trebuchet (Packed) ×2 · Spearman ×1
Feudal
13:23
Castle
17:58
Imperial
45:54
| APM avg | 41.1 |
| APM peak | 69 |
| eAPM avg | 23.3 |
| Villagers / military | 121 / 97 |
Focus
⚔️ 25.9% · 🌾 74.1%
Knight ×71 · Magyar Huszar ×13 · Battering Ram ×6 · Mangonel ×5 · Monk ×1 · Spearman ×1
Match map
Initial resources + every placement click. Lines = walls · curves = elevation contours. ◆ gold · ⬟ stone · ● berries · ✦ relic · ◌ wall gap
Your base· Open — opponent sealed themselves in
FPS Thug Life's base· ✓ Closed at 16:45 · 59t walls · no gate
IrishmanDan5878's base· ✓ Closed at 22:26 · 44t walls · 1 gate(s)
Teh's base· Open — opponent sealed themselves in
Smoothed initial terrain · ◌ = detected wall gap · hover for details
Inputs per minute
— šKï113® - - FPS Thug Life
Build order — šKï113®
First 150 of 439 actions detected
| 0:02 | Create | Villager (Male) |
| 0:02 | Create | Villager (Male) |
| 0:02 | Create | Villager (Male) |
| 0:02 | Create | Villager (Male) |
| 0:04 | Build | House |
| 0:05 | Build | House |
| 1:39 | Create | Villager (Male) |
| 2:12 | Build | Mule Cart |
| 2:41 | Create | Villager (Male) |
| 2:42 | Create | Villager (Male) |
| 3:05 | Create | Villager (Male) |
| 3:06 | Create | Villager (Male) |
| 3:06 | Create | Villager (Male) |
| 3:32 | Create | Villager (Male) |
| 4:24 | Create | Villager (Male) |
| 4:24 | Create | Villager (Male) |
| 4:51 | Build | Mule Cart |
| 4:58 | Build | Mill |
| 4:59 | Create | Villager (Male) |
| 5:01 | Build | House |
| 5:07 | Create | Villager (Male) |
| 5:15 | Research | Loom |
| 5:15 | Create | Villager (Male) |
| 5:16 | Create | Villager (Male) |
| 5:46 | Create | Villager (Male) |
| 5:46 | Create | Villager (Male) |
| 6:00 | Build | House |
| 6:03 | Build | House |
| 6:21 | Create | Villager (Male) |
| 7:45 | Create | Villager (Male) |
| 7:45 | Create | Villager (Male) |
| 7:45 | Create | Villager (Male) |
| 8:06 | Create | Villager (Male) |
| 8:06 | Create | Villager (Male) |
| 8:07 | Create | Villager (Male) |
| 8:07 | Create | Villager (Male) |
| 8:32 | Create | Villager (Male) |
| 8:32 | Create | Villager (Male) |
| 9:34 | Create | Villager (Male) |
| 9:35 | Create | Villager (Male) |
| 9:35 | Create | Villager (Male) |
| 9:35 | Create | Villager (Male) |
| 9:35 | Create | Villager (Male) |
| 9:50 | Build | Farm |
| 9:53 | Build | Farm |
| 9:55 | Build | Farm |
| 9:59 | Build | Farm |
| 10:02 | Build | Farm |
| 10:08 | Build | Farm |
| 10:21 | Build | Farm |
| 10:23 | Create | Villager (Male) |
| 11:00 | Create | Villager (Male) |
| 11:11 | Research | Feudal Age |
| 11:17 | Build | Mule Cart |
| 11:19 | Create | Villager (Male) |
| 12:19 | Create | Villager (Male) |
| 13:40 | Age | Feudal Age |
| 13:52 | Build | Blacksmith |
| 13:59 | Build | Market |
| 14:15 | Build | House |
| 14:16 | Build | House |
| 14:16 | Build | House |
| 14:19 | Build | House |
| 14:29 | Research | Castle Age |
| 14:50 | Research | Double-Bit Axe |
| 14:50 | Research | Double-Bit Axe |
| 14:52 | Research | Horse Collar |
| 15:07 | Build | Farm |
| 15:20 | Create | Villager (Male) |
| 15:21 | Create | Villager (Male) |
| 15:26 | Research | Gold Mining |
| 15:38 | Build | Farm |
| 15:41 | Build | Farm |
| 16:10 | Build | Gate |
| 16:15 | Build | Stone Wall |
| 16:21 | Build | Stone Wall |
| 17:03 | Create | Villager (Male) |
| 17:04 | Create | Villager (Male) |
| 17:09 | Age | Castle Age |
| 17:15 | Build | Town Center |
| 17:42 | Create | Villager (Male) |
| 17:42 | Create | Villager (Male) |
| 17:45 | Build | Farm |
| 17:46 | Research | Bow Saw |
| 17:48 | Research | Wheelbarrow |
| 17:49 | Create | Villager (Male) |
| 17:49 | Create | Villager (Male) |
| 18:40 | Create | Villager (Male) |
| 18:41 | Create | Villager (Male) |
| 18:44 | Build | Farm |
| 18:46 | Build | Farm |
| 18:48 | Create | Villager (Male) |
| 18:49 | Create | Villager (Male) |
| 18:49 | Create | Villager (Male) |
| 19:02 | Build | Siege Workshop |
| 19:23 | Create | Villager (Male) |
| 19:23 | Create | Villager (Male) |
| 19:23 | Create | Villager (Male) |
| 19:24 | Create | Villager (Male) |
| 19:25 | Build | Farm |
| 19:36 | Research | Scale Mail Armor |
| 19:55 | Build | Farm |
| 20:00 | Build | House |
| 20:09 | Build | House |
| 20:12 | Build | House |
| 20:18 | Build | Farm |
| 20:22 | Create | Villager (Male) |
| 20:22 | Create | Villager (Male) |
| 20:22 | Create | Villager (Male) |
| 20:33 | Build | Stone Wall |
| 20:38 | Create | Villager (Male) |
| 20:38 | Create | Villager (Male) |
| 20:38 | Create | Villager (Male) |
| 20:44 | Build | Farm |
| 20:47 | Build | Farm |
| 20:56 | Create | Villager (Male) |
| 20:56 | Create | Villager (Male) |
| 20:56 | Create | Villager (Male) |
| 20:56 | Create | Villager (Male) |
| 21:02 | Build | Farm |
| 21:13 | Create | Villager (Male) |
| 21:13 | Create | Villager (Male) |
| 21:22 | Build | Farm |
| 21:24 | Build | Farm |
| 22:03 | Build | Barracks |
| 22:08 | Create | Villager (Male) |
| 22:16 | Build | Farm |
| 22:19 | Build | Farm |
| 22:38 | Create | Villager (Male) |
| 22:39 | Create | Villager (Male) |
| 22:49 | Create | Battering Ram |
| 22:51 | Create | Militia |
| 22:52 | Create | Militia |
| 22:52 | Create | Militia |
| 23:01 | Build | Barracks |
| 23:02 | Build | Barracks |
| 23:10 | Research | Forging |
| 23:10 | Research | Chain Mail Armor |
| 23:14 | Create | Villager (Male) |
| 23:17 | Create | Militia |
| 23:18 | Create | Militia |
| 23:19 | Create | Villager (Male) |
| 23:26 | Create | Villager (Male) |
| 23:54 | Build | Farm |
| 23:55 | Build | Farm |
| 23:55 | Build | Farm |
| 23:55 | Build | Farm |
| 23:56 | Build | Farm |
| 23:56 | Build | Farm |
| 23:57 | Build | Farm |
Build order — FPS Thug Life
First 150 of 623 actions detected
| 0:01 | Create | Villager (Male) |
| 0:01 | Create | Villager (Male) |
| 0:02 | Build | House |
| 0:04 | Build | House |
| 0:15 | Create | Villager (Male) |
| 0:15 | Create | Villager (Male) |
| 0:15 | Create | Villager (Male) |
| 1:27 | Create | Villager (Male) |
| 1:28 | Create | Villager (Male) |
| 2:06 | Build | Lumber Camp |
| 2:08 | Create | Villager (Male) |
| 2:09 | Create | Villager (Male) |
| 2:09 | Create | Villager (Male) |
| 2:28 | Create | Villager (Male) |
| 2:28 | Create | Villager (Male) |
| 2:57 | Create | Villager (Male) |
| 2:57 | Create | Villager (Male) |
| 3:15 | Create | Villager (Male) |
| 3:22 | Build | Palisade Wall |
| 3:56 | Create | Villager (Male) |
| 3:56 | Create | Villager (Male) |
| 3:56 | Create | Villager (Male) |
| 4:18 | Build | House |
| 4:59 | Create | Villager (Male) |
| 4:59 | Create | Villager (Male) |
| 4:59 | Create | Villager (Male) |
| 5:51 | Research | Loom |
| 6:10 | Build | Palisade Wall |
| 6:23 | Create | Villager (Male) |
| 6:23 | Create | Villager (Male) |
| 6:24 | Create | Villager (Male) |
| 6:52 | Create | Villager (Male) |
| 7:09 | Build | House |
| 7:16 | Build | Palisade Wall |
| 7:28 | Build | Mill |
| 7:37 | Build | House |
| 8:01 | Create | Villager (Male) |
| 8:01 | Create | Villager (Male) |
| 8:01 | Create | Villager (Male) |
| 8:21 | Build | Farm |
| 8:23 | Build | Farm |
| 8:25 | Build | Farm |
| 8:53 | Create | Villager (Male) |
| 9:08 | Create | Villager (Male) |
| 9:09 | Create | Villager (Male) |
| 9:09 | Create | Villager (Male) |
| 9:50 | Create | Villager (Male) |
| 10:12 | Build | Mill |
| 10:32 | Build | House |
| 10:48 | Create | Villager (Male) |
| 11:30 | Create | Villager (Male) |
| 11:36 | Create | Villager (Male) |
| 11:36 | Create | Villager (Male) |
| 12:01 | Create | Villager (Male) |
| 12:16 | Create | Villager (Male) |
| 12:34 | Build | House |
| 12:36 | Build | House |
| 12:37 | Build | House |
| 12:38 | Build | House |
| 12:42 | Build | House |
| 12:43 | Create | Villager (Male) |
| 12:50 | Research | Feudal Age |
| 12:59 | Build | Mining Camp |
| 13:50 | Build | Outpost |
| 14:20 | Build | House |
| 14:24 | Build | House |
| 14:26 | Build | House |
| 14:28 | Build | House |
| 14:44 | Create | Villager (Male) |
| 15:31 | Build | Market |
| 15:37 | Build | Blacksmith |
| 15:43 | Create | Villager (Male) |
| 15:43 | Create | Villager (Male) |
| 15:44 | Research | Double-Bit Axe |
| 15:46 | Research | Horse Collar |
| 15:50 | Build | Farm |
| 15:53 | Build | Farm |
| 15:54 | Build | Farm |
| 15:54 | Build | Farm |
| 15:54 | Build | Farm |
| 15:54 | Build | Farm |
| 15:55 | Build | Farm |
| 15:55 | Build | Farm |
| 15:55 | Build | Farm |
| 15:55 | Build | Farm |
| 15:56 | Build | Farm |
| 16:09 | Build | Stone Wall |
| 16:12 | Build | Stone Wall |
| 16:27 | Build | Farm |
| 16:27 | Build | Farm |
| 16:27 | Build | Farm |
| 16:27 | Build | Farm |
| 16:28 | Build | Farm |
| 16:28 | Build | Farm |
| 16:45 | Research | Castle Age |
| 16:46 | Research | Castle Age |
| 16:52 | Build | Farm |
| 17:04 | Research | Gold Mining |
| 17:10 | Build | Farm |
| 17:10 | Build | Farm |
| 17:11 | Build | Farm |
| 17:11 | Build | Farm |
| 17:11 | Build | Farm |
| 17:11 | Build | Farm |
| 18:38 | Research | Wheelbarrow |
| 18:45 | Create | Villager (Male) |
| 18:45 | Create | Villager (Male) |
| 18:46 | Create | Villager (Male) |
| 18:46 | Create | Villager (Male) |
| 19:39 | Build | Town Center |
| 20:19 | Create | Villager (Male) |
| 20:20 | Create | Villager (Male) |
| 20:43 | Create | Villager (Male) |
| 20:44 | Create | Villager (Male) |
| 20:44 | Create | Villager (Male) |
| 20:44 | Create | Villager (Male) |
| 20:45 | Create | Villager (Male) |
| 21:01 | Build | Town Center |
| 21:06 | Create | Villager (Male) |
| 21:06 | Create | Villager (Male) |
| 21:07 | Create | Villager (Male) |
| 21:09 | Create | Villager (Male) |
| 21:22 | Build | Mining Camp |
| 21:26 | Create | Villager (Male) |
| 21:39 | Build | Farm |
| 21:42 | Build | Farm |
| 21:46 | Build | Farm |
| 21:46 | Build | Farm |
| 21:46 | Build | Farm |
| 21:47 | Build | Farm |
| 21:47 | Build | Farm |
| 21:47 | Build | Farm |
| 21:47 | Build | Farm |
| 21:48 | Build | Farm |
| 21:48 | Build | Farm |
| 21:48 | Build | Farm |
| 21:48 | Build | Farm |
| 21:49 | Build | Farm |
| 21:49 | Build | Farm |
| 21:51 | Create | Villager (Male) |
| 21:52 | Create | Villager (Male) |
| 21:59 | Create | Villager (Male) |
| 22:07 | Build | Farm |
| 22:08 | Build | Farm |
| 22:08 | Build | Farm |
| 22:08 | Build | Farm |
| 22:08 | Build | Farm |
| 22:08 | Build | Farm |
| 22:09 | Build | Farm |
| 22:09 | Build | Farm |
Build order — IrishmanDan5878
First 150 of 341 actions detected
| 0:01 | Create | Villager (Male) |
| 0:01 | Create | Villager (Male) |
| 0:04 | Build | House |
| 0:05 | Build | House |
| 0:10 | Create | Villager (Male) |
| 0:51 | Research | Loom |
| 1:22 | Create | Villager (Male) |
| 1:23 | Create | Villager (Male) |
| 1:23 | Create | Villager (Male) |
| 1:51 | Build | Palisade Wall |
| 2:18 | Build | House |
| 2:41 | Create | Villager (Male) |
| 2:41 | Create | Villager (Male) |
| 3:18 | Create | Villager (Male) |
| 3:18 | Create | Villager (Male) |
| 3:19 | Create | Villager (Male) |
| 4:09 | Create | Villager (Male) |
| 4:09 | Create | Villager (Male) |
| 4:09 | Create | Villager (Male) |
| 4:36 | Create | Villager (Male) |
| 5:04 | Create | Villager (Male) |
| 5:59 | Build | Palisade Wall |
| 6:15 | Create | Villager (Male) |
| 6:15 | Create | Villager (Male) |
| 6:16 | Create | Villager (Male) |
| 6:52 | Build | House |
| 7:11 | Build | House |
| 8:03 | Create | Villager (Male) |
| 8:08 | Create | Villager (Male) |
| 8:37 | Build | Lumber Camp |
| 8:56 | Create | Villager (Male) |
| 9:11 | Create | Villager (Male) |
| 9:34 | Build | Mining Camp |
| 9:59 | Research | Feudal Age |
| 10:25 | Build | Barracks |
| 11:49 | Build | House |
| 11:56 | Build | House |
| 11:58 | Create | Villager (Male) |
| 11:58 | Create | Villager (Male) |
| 12:13 | Build | Archery Range |
| 12:24 | Build | Archery Range |
| 12:27 | Create | Villager (Male) |
| 12:50 | Create | Archer |
| 12:50 | Create | Archer |
| 12:50 | Create | Archer |
| 12:55 | Create | Archer |
| 12:56 | Create | Archer |
| 13:24 | Create | Archer |
| 13:24 | Create | Archer |
| 13:24 | Create | Archer |
| 13:30 | Build | Palisade Gate |
| 13:31 | Create | Villager (Male) |
| 13:32 | Create | Villager (Male) |
| 13:49 | Create | Villager (Male) |
| 14:01 | Build | Mill |
| 14:06 | Create | Spearman |
| 14:11 | Create | Archer |
| 14:12 | Create | Archer |
| 14:30 | Build | House |
| 14:43 | Create | Villager (Male) |
| 14:43 | Create | Villager (Male) |
| 14:49 | Build | House |
| 14:51 | Build | House |
| 15:09 | Create | Villager (Male) |
| 15:46 | Create | Villager (Male) |
| 15:56 | Build | Farm |
| 16:02 | Research | Double-Bit Axe |
| 16:33 | Build | Blacksmith |
| 16:36 | Create | Villager (Male) |
| 16:36 | Create | Villager (Male) |
| 16:36 | Create | Villager (Male) |
| 16:42 | Build | Farm |
| 16:42 | Build | Farm |
| 16:42 | Build | Farm |
| 16:42 | Build | Farm |
| 16:43 | Build | Farm |
| 16:44 | Build | Farm |
| 16:45 | Build | Farm |
| 17:30 | Create | Villager (Male) |
| 17:41 | Build | House |
| 17:55 | Build | Stone Wall |
| 17:58 | Create | Villager (Male) |
| 17:59 | Create | Villager (Male) |
| 18:25 | Create | Archer |
| 18:25 | Create | Archer |
| 18:25 | Create | Archer |
| 18:25 | Create | Archer |
| 18:50 | Research | Fletching |
| 18:51 | Create | Villager (Male) |
| 19:25 | Build | Farm |
| 19:27 | Build | Farm |
| 19:27 | Build | Farm |
| 19:27 | Build | Farm |
| 19:29 | Create | Villager (Male) |
| 19:29 | Create | Villager (Male) |
| 19:56 | Create | Villager (Male) |
| 20:43 | Create | Villager (Male) |
| 21:06 | Build | Mining Camp |
| 21:25 | Create | Villager (Male) |
| 21:25 | Create | Villager (Male) |
| 22:26 | Research | Castle Age |
| 22:48 | Create | Villager (Male) |
| 22:48 | Create | Villager (Male) |
| 22:48 | Create | Villager (Male) |
| 24:51 | Create | Villager (Male) |
| 24:52 | Create | Villager (Male) |
| 25:15 | Build | Castle |
| 25:45 | Create | Villager (Male) |
| 25:52 | Build | Market |
| 26:21 | Research | Imperial Age |
| 26:39 | Create | Mangudai |
| 26:39 | Create | Mangudai |
| 26:40 | Create | Mangudai |
| 26:53 | Build | Mining Camp |
| 27:06 | Build | House |
| 27:09 | Create | Mangudai |
| 27:10 | Create | Mangudai |
| 27:10 | Create | Mangudai |
| 27:21 | Build | University |
| 27:27 | Build | Monastery |
| 27:29 | Create | Villager (Male) |
| 27:31 | Create | Mangudai ×2 |
| 27:31 | Create | Mangudai |
| 27:31 | Create | Mangudai |
| 27:31 | Create | Mangudai |
| 28:31 | Build | Stone Wall |
| 28:35 | Create | Mangudai |
| 28:35 | Create | Mangudai |
| 28:36 | Create | Mangudai |
| 28:38 | Create | Mangudai |
| 28:39 | Create | Mangudai |
| 28:39 | Create | Mangudai |
| 28:59 | Research | Bodkin Arrow |
| 30:00 | Create | Villager (Male) |
| 30:07 | Create | Villager (Male) |
| 30:29 | Build | Stone Wall |
| 30:37 | Build | Stone Wall |
| 30:42 | Create | Monk |
| 30:49 | Research | Fortified Wall (upgrade) |
| 30:49 | Research | Fortified Wall (upgrade) |
| 31:01 | Create | Villager (Male) |
| 31:09 | Build | Town Center |
| 31:19 | Create | Monk |
| 31:20 | Create | Villager (Male) |
| 31:50 | Build | Siege Workshop |
| 32:18 | Build | Stone Wall |
| 32:27 | Build | Stone Wall |
| 32:30 | Create | Mangonel |
| 32:31 | Create | Villager (Male) |
| 32:32 | Create | Villager (Male) |
Build order — Teh
First 150 of 409 actions detected
| 0:02 | Create | Villager (Male) |
| 0:02 | Create | Villager (Male) |
| 0:03 | Build | House |
| 0:06 | Build | House |
| 0:57 | Create | Villager (Male) |
| 0:57 | Create | Villager (Male) |
| 0:57 | Create | Villager (Male) |
| 0:58 | Create | Villager (Male) |
| 1:35 | Create | Villager (Male) |
| 2:15 | Create | Villager (Male) |
| 2:25 | Create | Villager (Male) |
| 2:26 | Create | Villager (Male) |
| 3:07 | Create | Villager (Male) |
| 3:08 | Create | Villager (Male) |
| 3:16 | Create | Villager (Male) |
| 3:16 | Create | Villager (Male) |
| 3:26 | Build | House |
| 3:47 | Create | Villager (Male) |
| 3:47 | Create | Villager (Male) |
| 3:48 | Create | Villager (Male) |
| 3:57 | Build | House |
| 4:14 | Create | Villager (Male) |
| 4:21 | Build | Barracks |
| 4:41 | Create | Villager (Male) |
| 4:41 | Create | Villager (Male) |
| 4:42 | Create | Villager (Male) |
| 5:06 | Build | House |
| 5:12 | Build | House |
| 5:20 | Build | House |
| 5:25 | Build | Palisade Wall |
| 5:32 | Create | Villager (Male) |
| 5:33 | Create | Villager (Male) |
| 5:33 | Create | Villager (Male) |
| 5:57 | Build | House |
| 6:24 | Create | Villager (Male) |
| 6:24 | Create | Villager (Male) |
| 6:24 | Create | Villager (Male) |
| 6:25 | Create | Villager (Male) |
| 6:25 | Create | Villager (Male) |
| 6:36 | Build | House |
| 6:40 | Build | Palisade Wall |
| 7:33 | Create | Villager (Male) |
| 7:34 | Create | Villager (Male) |
| 7:37 | Build | Lumber Camp |
| 8:32 | Create | Villager (Male) |
| 8:33 | Create | Villager (Male) |
| 8:33 | Create | Villager (Male) |
| 9:14 | Build | Mining Camp |
| 9:22 | Create | Villager (Male) |
| 9:22 | Create | Villager (Male) |
| 9:23 | Create | Villager (Male) |
| 9:30 | Build | Mill |
| 10:11 | Build | Farm |
| 10:18 | Build | Farm |
| 10:23 | Build | Farm |
| 10:45 | Build | Farm |
| 10:47 | Research | Loom |
| 10:59 | Build | Farm |
| 11:03 | Build | Farm |
| 11:13 | Research | Feudal Age |
| 11:14 | Research | Feudal Age |
| 11:19 | Build | Farm |
| 12:15 | Build | Farm |
| 12:18 | Build | Farm |
| 12:39 | Create | Villager (Male) |
| 12:40 | Create | Villager (Male) |
| 13:23 | Age | Feudal Age |
| 13:29 | Build | Blacksmith |
| 13:49 | Build | Mill |
| 14:29 | Build | Market |
| 15:18 | Research | Castle Age |
| 15:18 | Research | Castle Age |
| 15:35 | Build | Mining Camp |
| 16:00 | Build | Stone Wall |
| 16:04 | Build | Gate |
| 16:11 | Build | Stone Wall |
| 16:33 | Create | Villager (Male) |
| 17:41 | Research | Double-Bit Axe |
| 17:41 | Research | Double-Bit Axe |
| 17:43 | Research | Horse Collar |
| 17:45 | Research | Gold Mining |
| 17:58 | Age | Castle Age |
| 18:02 | Create | Villager (Male) |
| 18:13 | Build | Town Center |
| 18:42 | Build | House |
| 19:37 | Create | Villager (Male) |
| 19:38 | Create | Villager (Male) |
| 19:39 | Create | Villager (Male) |
| 20:03 | Build | Siege Workshop |
| 20:26 | Create | Villager (Male) |
| 20:26 | Create | Villager (Male) |
| 20:43 | Create | Mangonel |
| 20:43 | Create | Mangonel |
| 20:45 | Build | Farm |
| 20:46 | Build | Farm |
| 20:52 | Create | Spearman |
| 21:01 | Build | Farm |
| 21:53 | Build | Town Center |
| 22:49 | Create | Villager (Male) |
| 22:49 | Create | Villager (Male) |
| 22:50 | Create | Villager (Male) |
| 22:50 | Create | Villager (Male) |
| 23:02 | Build | Monastery |
| 23:08 | Create | Villager (Male) |
| 23:08 | Create | Villager (Male) |
| 23:23 | Build | Farm |
| 23:27 | Build | Farm |
| 23:34 | Create | Mangonel |
| 23:35 | Create | Mangonel |
| 23:43 | Create | Villager (Male) |
| 23:45 | Research | Wheelbarrow |
| 23:45 | Research | Wheelbarrow |
| 23:45 | Research | Wheelbarrow |
| 23:51 | Create | Villager (Male) |
| 23:53 | Research | Bow Saw |
| 23:54 | Research | Bow Saw |
| 23:59 | Build | Farm |
| 23:59 | Build | Farm |
| 24:03 | Create | Villager (Male) |
| 24:03 | Create | Villager (Male) |
| 24:13 | Research | Fletching |
| 24:13 | Research | Fletching |
| 24:27 | Create | Monk |
| 24:34 | Build | Farm |
| 24:37 | Create | Villager (Male) |
| 24:46 | Build | Farm |
| 25:18 | Build | Stable |
| 25:27 | Create | Villager (Male) |
| 25:29 | Build | Farm |
| 25:32 | Build | Farm |
| 25:37 | Create | Villager (Male) |
| 25:37 | Create | Villager (Male) |
| 25:48 | Build | Farm |
| 25:48 | Build | Farm |
| 26:31 | Create | Knight |
| 26:31 | Create | Knight |
| 26:32 | Create | Knight |
| 26:34 | Build | Stable |
| 26:42 | Create | Mangonel |
| 26:54 | Research | Scale Barding Armor |
| 26:54 | Research | Scale Barding Armor |
| 27:06 | Create | Battering Ram |
| 27:06 | Create | Battering Ram |
| 27:06 | Create | Battering Ram |
| 27:07 | Create | Battering Ram |
| 27:07 | Create | Battering Ram |
| 27:07 | Create | Battering Ram |
| 27:11 | Create | Knight |
| 27:11 | Create | Knight |
| 27:11 | Create | Knight |
Match timeline
| 1:51 | IrishmanDan5878 · wall_segment Palisade Wall x15 |
| 3:22 | FPS Thug Life · wall_segment Palisade Wall x11 |
| 4:21 | Teh · first_building Barracks |
| 5:25 | Teh · wall_segment Palisade Wall x2 |
| 5:59 | IrishmanDan5878 · wall_segment Palisade Wall x13 |
| 6:10 | FPS Thug Life · wall_segment Palisade Wall x3 |
| 6:40 | Teh · wall_segment Palisade Wall x1 |
| 7:16 | FPS Thug Life · wall_segment Palisade Wall x14 |
| 10:25 | IrishmanDan5878 · first_building Barracks |
| 12:13 | IrishmanDan5878 · first_building Archery Range |
| 13:23 | Teh · age_up feudal |
| 13:40 | šKï113® · age_up feudal |
| 16:00 | Teh · wall_segment Stone Wall x1 |
| 16:09 | FPS Thug Life · wall_segment Stone Wall x15 |
| 16:11 | Teh · wall_segment Stone Wall x5 |
| 16:12 | FPS Thug Life · wall_segment Stone Wall x16 |
| 16:15 | šKï113® · wall_segment Stone Wall x10 |
| 16:21 | šKï113® · wall_segment Stone Wall x5 |
| 17:09 | šKï113® · age_up castle |
| 17:55 | IrishmanDan5878 · wall_segment Stone Wall x16 |
| 17:58 | Teh · age_up castle |
| 19:02 | šKï113® · first_building Siege Workshop |
| 19:33 | FPS Thug Life · first_market_buy 100 stone |
| 20:03 | Teh · first_building Siege Workshop |
| 20:33 | šKï113® · wall_segment Stone Wall x6 |
| 22:03 | šKï113® · first_building Barracks |
| 23:02 | Teh · first_building Monastery |
| 25:15 | IrishmanDan5878 · first_building Castle |
| 25:18 | Teh · first_building Stable |
| 27:27 | IrishmanDan5878 · first_building Monastery |
| 28:31 | IrishmanDan5878 · wall_segment Stone Wall x12 |
| 28:36 | FPS Thug Life · first_building Monastery |
| 29:16 | Teh · first_building Castle |
| 29:48 | FPS Thug Life · first_building Barracks |
| 30:29 | IrishmanDan5878 · wall_segment Stone Wall x15 |
| 30:37 | IrishmanDan5878 · wall_segment Stone Wall x14 |
| 30:51 | FPS Thug Life · first_market_sell 100 food |
| 31:00 | FPS Thug Life · first_building Castle |
| 31:44 | šKï113® · first_market_sell 500 wood |
| 31:48 | Teh · wall_segment Stone Wall x13 |
| 31:50 | IrishmanDan5878 · first_building Siege Workshop |
| 32:18 | IrishmanDan5878 · wall_segment Stone Wall x6 |
| 32:27 | IrishmanDan5878 · wall_segment Stone Wall x11 |
| 32:49 | IrishmanDan5878 · wall_segment Stone Wall x8 |
| 33:59 | šKï113® · first_building Monastery |
| 34:26 | FPS Thug Life · wall_segment Stone Wall x13 |
| 35:32 | IrishmanDan5878 · first_market_buy 100 wood |
| 35:55 | Teh · wall_segment Stone Wall x7 |
| 36:45 | šKï113® · first_building Castle |
| 38:28 | šKï113® · age_up imperial |
| 38:29 | IrishmanDan5878 · wall_segment Stone Wall x6 |
| 38:49 | FPS Thug Life · wall_segment Stone Wall x20 |
| 39:09 | IrishmanDan5878 · wall_segment Stone Wall x13 |
| 39:11 | FPS Thug Life · wall_segment Stone Wall x13 |
| 39:59 | IrishmanDan5878 · first_market_sell 100 wood |
| 40:21 | FPS Thug Life · first_building Archery Range |
| 42:57 | IrishmanDan5878 · wall_segment Stone Wall x2 |
| 43:45 | Teh · wall_segment Stone Wall x1 |
| 43:50 | Teh · wall_segment Stone Wall x1 |
| 45:36 | Teh · wall_segment Stone Wall x3 |
| 45:41 | Teh · wall_segment Stone Wall x4 |
| 45:54 | Teh · age_up imperial |
| 46:44 | IrishmanDan5878 · wall_segment Stone Wall x9 |
| 46:59 | FPS Thug Life · resign |
| 47:33 | IrishmanDan5878 · wall_segment Stone Wall x3 |
| 48:10 | IrishmanDan5878 · wall_segment Stone Wall x9 |
[ AI ANALYSIS · 1 CREDIT ]
What really happened in this match?
Wolo.gg analyzes every decision: build order, eco, micro, common mistakes by bracket. Personalized analysis on WhatsApp or Discord in 30 seconds.
Civ guide
Armenians
Map guide
Black Forest
Perfil
Jugador #636669